 Dungeon Crawl Stone Soup version 0.29-a0-878-g7b45a56547 (console) character file.

Game seed: 5560489646456791508

217697 capslocke the Executioner (level 19, -15/161 HPs)
             Began as a Formicid Fighter on July 13, 2022.
             Was a High Priest of Uskayaw.
             Killed from afar by a deep elf zephyrmancer (28 damage)
             ... with a bolt of lightning
             ... on level 1 of the Elven Halls on July 20, 2022.
             The game lasted 02:21:04 (28130 turns).

capslocke the Executioner (Formicid Fighter)       Turns: 28130, Time: 02:21:05

Health: -15/161    AC: 34    Str: 26    XL:     19   Next: 29%
Magic:  19/19      EV:  9    Int: 12    God:    Uskayaw [*****.]
Gold:   1780       SH: 28    Dex: 26    Spells: 18/18 levels left

rFire   + + +      SeeInvis +   H - +5 battleaxe {protect, rF+ Int+3}
rCold   + + .      Faith    .   O - +3 kite shield {rPois}
rNeg    + . .      Spirit   .   r - +1 plate armour "Zoekiq" {rF+ Regen+ Dex+5}
rPois   +          Reflect  +   (helmet unavailable)
rElec   .          Harm     .   P - +1 cloak "Waizu" {-Tele Rampage rPois rC++}
rCorr   .          Rampage  +   B - +2 pair of gloves
Will    +....                   R - +0 pair of boots
Stlth   ..........              p - amulet of reflection
HPRegen 1.16/turn               i - ring of the Octopus King {rN+ HP+2 AC+2 EV+2 SH+2}
MPRegen 0.16/turn               j - ring "Wiach" {rF+ Dex+6}

@: under a protective aura, studying Unarmed Combat
A: permanent stasis, dig shafts and tunnels, antennae 3, four strong arms
}: 2/15 runes: decaying, gossamer
a: Dig, Shaft Self, Renounce Religion, Stomp, Line Pass, Grand Finale


You were on level 1 of the Elven Halls.
You worshipped Uskayaw.
Uskayaw was noncommittal.
You visited 6 branches of the dungeon, and saw 30 of its levels.
You also visited: Ice Cave.

You collected 4079 gold pieces.
You spent 2299 gold pieces at shops.

Inventory:

Hand Weapons
 E - the +4 shortbow "Zuttilat" {venom, Str+4 Dex+5}
   (You found it on level 3 of the Spider Nest)

   Any ammunition fired from it poisons the flesh of those it strikes.
   Str:       It affects your strength (+4).
   Dex:       It affects your dexterity (+5).
 H - the +5 battleaxe "Thing" (weapon) {protect, rF+ Int+3}
   (You found it on level 4 of the Spider Nest)

   It grants its wielder temporary protection when it strikes (+7 to AC).
   Int:       It affects your intelligence (+3).
   rF:        It protects you from fire.
 S - a +2 hand axe of flaming
Missiles
 I - 3 throwing nets
 X - 3 atropa-tipped darts
Armour
 r - the +1 plate armour "Zoekiq" (worn) {rF+ Regen+ Dex+5}
   (You found it on level 1 of the Lair of Beasts)

   Dex:       It affects your dexterity (+5).
   rF:        It protects you from fire.
   Regen:     It increases your rate of health regeneration.
 B - a +2 pair of gloves (worn)
 O - a +3 kite shield of poison resistance (worn)
 P - the +1 cloak "Waizu" (worn) {-Tele Rampage rPois rC++}
   (You bought it in a shop on level 3 of the Dungeon)

   rC:        It greatly protects you from cold.
   rPois:     It protects you from poison.
   -Tele:     It prevents most forms of teleportation.
   Rampage:   It bestows one free step when moving towards enemies.
 Q - the +0 chain mail of Xenaetsi {Will++}
   (You bought it in a shop on level 3 of the Dungeon)

   Will:      It greatly increases your willpower.
 R - a +0 pair of boots (worn)
 U - the +2 pair of boots "Hathoitaog" {Rampage rF+}
   (You found it in an ice cave)

   rF:        It protects you from fire.
   Rampage:   It bestows one free step when moving towards enemies.
 Z - the +0 robe "Qiac" {Rampage Fly Regen+}
   (You found it on level 13 of the Dungeon)

   Fly:       It grants you flight.
   Regen:     It increases your rate of health regeneration.
   Rampage:   It bestows one free step when moving towards enemies.
Jewellery
 b - a ring of wizardry
 i - a ring of the Octopus King (left hand) {rN+ HP+2 AC+2 EV+2 SH+2}
   (You bought it in a shop on level 2 of the Orcish Mines)

   [ring of positive energy]

   AC:        It affects your AC (+2).
   EV:        It affects your evasion (+2).
   rN:        It protects you from negative energy.
   HP:        It affects your health (+2).
   SH:        It affects your SH (+2).
 j - the ring "Wiach" (right hand) {rF+ Dex+6}
   (You bought it in a shop on level 2 of the Orcish Mines)

   [ring of dexterity]

   Dex:       It affects your dexterity (+6).
   rF:        It protects you from fire.
 m - a ring of flight
 p - an amulet of reflection (around neck)
 u - an amulet of guardian spirit
 D - the amulet "Ryam Uck" {RegenMP Int+9}
   (You took it off an orc knight on level 14 of the Dungeon)

   [amulet of magic regeneration]

   It increases your rate of magic regeneration.
   Int:       It affects your intelligence (+9).
Wands
 a - a wand of digging (6)
 q - a wand of iceblast (8)
 z - a wand of mindburst (7)
 M - a wand of flame (49)
 W - a wand of paralysis (2)
Scrolls
 d - 4 scrolls of amnesia
 f - 2 scrolls of silence
 s - a scroll of brand weapon
 t - a scroll of enchant weapon
 y - 5 scrolls of magic mapping
 K - 4 scrolls of fear
 L - 6 scrolls of fog
 N - 11 scrolls of teleportation
 T - a scroll of identify
 V - 7 scrolls of poison
Potions
 e - 11 potions of curing
 k - a potion of resistance
 l - 13 potions of brilliance
 o - 3 potions of ambrosia
 v - 6 potions of invisibility
 A - 8 potions of haste
 C - 11 potions of flight
 G - 6 potions of magic
 J - 6 potions of cancellation
 Y - a potion of berserk rage
Miscellaneous
 n - a piece from Xom's chessboard (15/15)
 F - a phantom mirror


   Skills:
 + Level 16.8 Fighting
 + Level 21.3 Axes
 + Level 1.5 Throwing
 + Level 13.8 Armour
 + Level 0.1 Dodging
 + Level 21.1 Shields
 + Level 1.6 Evocations


You had 18 spell levels left.
You didn't know any spells.
Your spell library contained the following spells:

 Spells                   Type           Power      Damage    Failure   Level
 Sandblast                Erth           0%         2d4       96%         1
 Ensorcelled Hibernation  Hex/Ice        0%         N/A       99%         2
 Passwall                 Tmut/Erth      0%         N/A       99%         2
 Conjure Flame            Conj/Fire      0%         6-21      100%        3
 Dazzling Flash           Conj/Hex       0%         N/A       100%        3
 Frozen Ramparts          Ice            0%         1d2       100%        3
 Ignite Poison            Fire/Tmut/Pois 0%         N/A       100%        3
 Mephitic Cloud           Conj/Pois/Air  0%         N/A       100%        3
 Ozocubu's Armour         Ice            0%         N/A       100%        3
 Stone Arrow              Conj/Erth      0%         3d7       100%        3
 Animate Dead             Necr           0%         N/A       100%        4
 Cause Fear               Hex            0%         N/A       100%        4
 Hailstorm                Conj/Ice       0%         3d3       100%        4
 Ice Form                 Ice/Tmut       0%         N/A       100%        4
 Iskenderun's Mystic Bla  Conj/Tloc      0%         2d3       100%        4
 Leda's Liquefaction      Hex/Erth       0%         N/A       100%        4
 Sticky Flame             Conj/Fire      0%         2d3       100%        4
 Summon Ice Beast         Ice/Summ       0%         N/A       100%        4
 Freezing Cloud           Conj/Ice/Air   0%         6-21      100%        5
 Lee's Rapid Deconstruct  Erth           0%         3d5*      100%        5
 Manifold Assault         Tloc           0%         N/A       100%        5
 Simulacrum               Ice/Necr       0%         N/A       100%        6
 Starburst                Conj/Fire      0%         6d3       100%        6
 Statue Form              Tmut/Erth      0%         N/A       100%        6
 Dragon Form              Tmut           0%         N/A       100%        7
 Haunt                    Necr/Summ      0%         N/A       100%        7
 Ozocubu's Refrigeration  Ice            0%         4d5       100%        7
 Storm Form               Tmut/Air       0%         N/A       100%        7
 Infestation              Necr           0%         N/A       100%        8
 Dragon's Call            Summ           0%         N/A       100%        9
 Polar Vortex             Ice            0%         N/A       100%        9
 Blink                    Tloc           Unusable   N/A       N/A         2
 Swiftness                Air            Unusable   N/A       N/A         3

Dungeon Overview and Level Annotations

Branches:
Dungeon (15/15)            Temple (0/1) D:6            Lair (4/6) D:8
  Swamp (4/4) Lair:2       Spider (4/4) Lair:2          Orc (2/2) D:11
    Elf (1/3) Orc:2        Vaults (0/5) D:13         Depths (0/4) D:15
  IceCv (visited)
  Slime: Lair:4-5

Altars:
Ashenzari
Cheibriados
Dithmenos
Gozag
Hepliaklqana
Kikubaaqudgha
Nemelex Xobeh
Ru
Uskayaw
Xom
Zin
Jiyva

Shops:
D:3 [[[[   D:8 *   Orc:2 [:=[


Innate Abilities, Weirdness & Mutations

You cannot be hasted, slowed, berserked, paralysed or teleported.
You can dig through walls and to a lower floor.
You have a pair of large antennae on your head. (SInv)
Your four strong arms can wield two-handed weapons with a shield.


Message History

Uskayaw will force your foes to share their pain.
Uskayaw links your audience in an emotional bond!
The helpless wizard fails to defend itself.
You slice the wizard!!
You kill the wizard!
The deep elf knight is no longer paralysed.
You rampage towards the boggart!
The deep elf knight is no longer sharing its pain.
The deep elf zephyrmancer is no longer paralysed.
The deep elf zephyrmancer is no longer sharing its pain.
The boggart is no longer paralysed.
The boggart gestures wildly while chanting.
A deep elf zephyrmancer comes into view.
It is wielding a +2 short sword of electrocution.
You block the deep elf knight's attack. You block the boggart's attack.
You slash the boggart!
The boggart is almost dead.
You slice the deep elf knight!!
You closely miss the deep elf zephyrmancer.
You hear a shout!
The deep elf zephyrmancer gestures at you while chanting.
The bolt of lightning hits the boggart!!
The boggart dies!
The deep elf knight dissolves into shadows!
The deep elf zephyrmancer dissolves into shadows!
The bolt of lightning hits you!!
You can now merge with and destroy a victim.
The deep elf zephyrmancer casts a spell at you.
The bolt of lightning hits you!! x2
The deep elf zephyrmancer gestures at you while chanting.
The bolt of lightning hits you!!
You slice the deep elf zephyrmancer!!
The deep elf zephyrmancer is severely wounded.
The deep elf zephyrmancer casts a spell at you.
The bolt of lightning hits you!!
* * * LOW HITPOINT WARNING * * *
The bolt of lightning hits you!!
* * * LOW HITPOINT WARNING * * *
The deep elf zephyrmancer casts a spell at you.
The bolt of lightning hits you!!
You die...

########.#.#
.........#.#
########.#.# #
#.......#.#
#.##.....###.#
#......##))#.#
##....##.)).#.#
#...##......#.#
.#..e@..#.#.#
#........#.#
#...###+###.#
#.#e #.# #. . {
{ #.# # .. #.#
.. #.# ... {
#.# ##.#


You could see 2 deep elf zephyrmancers.

Vanquished Creatures
  Rupert (D:13)
  Jorgrun (D:12)
  A tentacled monstrosity (Swamp:2)
  Mlioglotl (Spider:3)
  An acid blob (D:15)
  Frances (D:13)
  Roxanne (Spider:3)
  A rockslime (D:15)
  The ghost of Eliad the Eclecticist, an adept DEFE of Vehumet (D:15)
  2 emperor scorpions
  The ghost of pgiattino the Marksspriggan, an adept SpHu of Fedhas (Spider:3)
  4 ghost moths
  A very ugly thing (IceCv)
  A broodmother (Spider:4)
  A stone giant (D:15)
  3 eleionomae
  8 bunyips
  5 entropy weavers
  4 spark wasps
  4 shambling mangroves
  27 hydras
  5 boulder beetles
  3 radroaches
  A jorogumo (Spider:4)
  A ghost crab (Swamp:4)
  A vault guard (D:13)
  A spriggan air mage (Swamp:2)
  2 centaur warriors
  3 catoblepae
  6 two-headed ogres
  9 alligators
  3 tengu warriors
  A death scarab (Spider:4)
  Urug (D:11)
  3 spriggan berserkers
  A deep elf knight (Elf:1)
  6 pharaoh ants
  A skeletal warrior (D:14)
  A sun moth (Spider:4)
  Lodul (D:13)
  3 steelbarb worms
  A deep troll (shapeshifter) (D:14)
  3 spriggan druids
  5 orb spiders
  10 bog bodies
  10 swamp dragons
  10 goliath frogs
  6 orc knights
  A deep elf archer (Elf:1)
  2 wizards (Elf:1)
  A necromancer (D:14)
  3 deep elf zephyrmancers (Elf:1)
  An orc sorcerer (Orc:1)
  A shining eye (D:15)
  8 deep elf pyromancers
  18 wolf spiders
  16 ugly things
  6 will-o-the-wisps
  7 cyclopes
  A moth of wrath (Spider:4)
  6 elephants (Lair:3)
  2 torpor snails
  4 black mambas
  4 gargoyles
  5 cane toads
  4 demonic crawlers
  4 rime drakes
  An efreet (D:15)
  5 komodo dragons
  3 freezing wraiths (Spider:4)
  A tengu conjurer (D:13)
  4 yaktaurs (D:15)
  7 meliai
  15 hornets
  2 polar bears
  4 trolls
  A bloated husk (Swamp:4)
  26 tarantellas
  A wolf spider simulacrum (D:15)
  Grinder (D:6)
  11 tyrant leeches
  3 blink frogs (Lair:1)
  6 slime creatures
  A dream sheep (Lair:3)
  26 jumping spiders
  A wraith (D:11)
  3 dire elephant simulacra (IceCv)
  A shadow (D:6)
  17 culicivoras
  12 spriggans
  49 yaks
  A vampire (D:10)
  7 wyverns
  3 basilisks
  Eustachio (D:4)
  2 steam dragons
  47 redbacks
  16 swamp worms
  3 harpy simulacra (IceCv)
  24 vampire mosquitoes
  Menkaure (D:6)
  3 acid dragons
  2 wargs (Orc:2)
  A hydra simulacrum (IceCv)
  10 water moccasins
  3 sky beasts
  29 orc warriors
  An ice beast (D:6)
  9 black bears
  9 swamp drakes
  13 ogres
  4 wolves (Lair:3)
  14 centaurs
  A phantom (D:6)
  A kobold brigand (D:8)
  24 bullfrogs
  4 scorpions
  4 wights (D:7)
  7 killer bees
  A lindwurm simulacrum (IceCv)
  8 howler monkeys
  4 hounds
  A jelly (D:6)
  A gnoll bouda (D:6)
  12 orc priests
  4 iguanas
  22 orc wizards
  A yak simulacrum (D:14)
  2 polar bear simulacra (D:14)
  4 wolf simulacra (D:14)
  3 gnolls (D:6)
  9 adders
  3 white imps
  An ufetubus (D:7)
  A worm (D:2)
  100 orcs
  8 bats
  2 endoplasms
  A giant cockroach (D:3)
  7 goblins
  8 hobgoblins
  8 jackals (D:1)
  2 quokkas
  5 ball pythons
  11 kobolds
  9 rats
  4 river rat simulacra (D:14)
949 creatures vanquished.

Vanquished Creatures (others)
  A hydra (Swamp:4)
  An alligator (Swamp:3)
  A goliath frog (Swamp:4)
  A deep elf pyromancer (Elf:1)
  A hornet (Swamp:4)
  2 bloated husks
  A spriggan (Swamp:1)
  A boggart (Elf:1)
  2 ball lightnings (D:15)
  25 foxfires
  36 fungi
  89 plants
161 creatures vanquished.

Grand Total: 1110 creatures vanquished

Notes
Turn   | Place    | Note
-------+----------+-------------------------------------------
     0 | D:1      | capslocke the Formicid Fighter began the quest for the Orb.
     0 | D:1      | Reached XP level 1. HP: 18/18 MP: 1/1
    52 | D:1      | Reached XP level 2. HP: 19/24 MP: 2/2
   318 | D:1      | Reached XP level 3. HP: 29/29 MP: 3/3
   762 | D:2      | Found a faded altar of an unknown god.
   991 | D:2      | Reached XP level 4. HP: 30/37 MP: 4/4
  1108 | D:2      | Found an opulent altar of Gozag.
  1273 | D:3      | Found Takka's Antique Armour Shop.
  1345 | D:3      | Found Futwod's Antique Armour Shop.
  1376 | D:3      | Found Ededel's Armour Shop.
  1425 | D:3      | Reached XP level 5. HP: 42/42 MP: 5/5
  1630 | D:3      | Found a hide-covered altar of Uskayaw.
  1744 | D:3      | Found Asa Xerph's Antique Armour Shoppe.
  1937 | D:4      | Noticed an ogre
  1945 | D:4      | Killed an ogre
  1946 | D:4      | Reached skill level 5 in Shields
  1946 | D:4      | Reached XP level 6. HP: 48/48 MP: 6/6
  2021 | D:4      | Found a sacrificial altar of Ru.
  2044 | D:4      | Noticed Eustachio
  2097 | D:4      | Killed Eustachio
  2098 | D:4      | Reached skill level 5 in Axes
  2098 | D:4      | Reached XP level 7. HP: 34/55 MP: 7/7
  2244 | D:3      | Became a worshipper of Uskayaw the Reveller
  2313 | D:4      | Reached * piety under Uskayaw
  2530 | D:5      | Entered Level 5 of the Dungeon
  2535 | D:5      | Reached ** piety under Uskayaw
  2546 | D:5      | Reached *** piety under Uskayaw
  2809 | D:5      | Found a snail-covered altar of Cheibriados.
  2949 | D:5      | Reached skill level 5 in Armour
  2949 | D:5      | Reached XP level 8. HP: 45/61 MP: 8/8
  2950 | D:5      | Reached **** piety under Uskayaw
  3656 | D:6      | Noticed a troll
  3663 | D:6      | Killed a troll
  3664 | D:6      | Reached skill level 5 in Fighting
  3814 | D:6      | Found a sparkling altar of Nemelex Xobeh.
  3866 | D:6      | Reached XP level 9. HP: 53/68 MP: 9/9
  4117 | D:6      | Noticed Menkaure
  4134 | D:6      | Killed Menkaure
  4151 | D:6      | Reached ***** piety under Uskayaw
  4159 | D:6      | Reached ****** piety under Uskayaw
  4232 | D:6      | Noticed Grinder
  4250 | D:6      | Killed Grinder
  4336 | D:6      | Found a staircase to the Ecumenical Temple.
  4881 | D:7      | Found a glowing silver altar of Zin.
  4882 | D:7      | Noticed an angel
  4943 | D:7      | Reached XP level 10. HP: 77/77 MP: 10/10
  5121 | D:7      | Reached skill level 10 in Axes
  5281 | D:8      | Found Dozeuson's General Store.
  5282 | D:8      | Noticed a two-headed ogre
  5290 | D:7      | Killed a two-headed ogre
  5545 | D:3      | Bought a pitted cloak for 199 gold pieces
  5545 | D:3      | Identified the +1 cloak "Waizu" {-Tele Rampage rPois rC++}
                  | (You bought it in a shop on level 3 of the Dungeon)
  5545 | D:3      | Bought an ancient chain mail for 199 gold pieces
  5545 | D:3      | Identified the +0 chain mail of Xenaetsi {Will++} (You
                  | bought it in a shop on level 3 of the Dungeon)
  5729 | D:8      | Found a staircase to the Lair.
  5913 | D:8      | Found a shimmering altar of Xom.
  5966 | D:8      | Reached XP level 11. HP: 67/86 MP: 11/11
  7246 | D:9      | Found a shadowy altar of Dithmenos.
  7302 | D:9      | Found a broken altar of Ashenzari.
  7330 | D:9      | Noticed a two-headed ogre
  7331 | D:9      | Noticed a two-headed ogre
  7336 | D:9      | Killed a two-headed ogre
  7338 | D:9      | Killed a two-headed ogre
  7645 | D:10     | Entered Level 10 of the Dungeon
  7676 | Lair:1   | Entered Level 1 of the Lair of Beasts
  7880 | Lair:1   | Reached XP level 12. HP: 26/95 MP: 12/12
  8646 | Lair:1   | Identified the +1 plate armour "Zoekiq" {rF+ Regen+ Dex+5}
  9122 | Lair:2   | Reached skill level 10 in Shields
  9318 | Lair:2   | Found a staircase to the Swamp.
  9702 | Lair:2   | Found a hole to the Spider Nest.
 10037 | D:3      | Bought a runed kite shield for 157 gold pieces
 10161 | Lair:3   | Noticed a catoblepas
 10174 | Lair:3   | Killed a catoblepas
 10221 | Lair:3   | Reached skill level 10 in Fighting
 10274 | Lair:3   | Reached skill level 15 in Axes
 10277 | Lair:3   | Reached XP level 13. HP: 84/103 MP: 13/13
 10383 | Lair:3   | Noticed a catoblepas
 10392 | Lair:3   | Killed a catoblepas
 10494 | Lair:3   | Found a snail-covered altar of Cheibriados.
 11204 | Lair:4   | Identified the +5 chain mail "Puluodeh" {rN+}
 11205 | Lair:4   | Noticed a five-headed hydra
 11331 | Spider:1 | Entered Level 1 of the Spider Nest
 11377 | Spider:1 | Noticed a boulder beetle
 11386 | Spider:1 | Killed a boulder beetle
 11481 | Spider:1 | Identified the +10 falchion "Raligar" {antimagic, rPois rN+
                  | Str-2 Dex+8}
 11494 | Spider:1 | Reached skill level 10 in Armour
 11607 | Spider:1 | Noticed an emperor scorpion
 11617 | Spider:1 | Killed an emperor scorpion
 12683 | D:11     | Reached XP level 14. HP: 113/113 MP: 14/14
 12748 | D:11     | Found a staircase to the Orcish Mines.
 12887 | D:11     | Noticed Urug
 12897 | D:11     | Killed Urug
 13500 | D:12     | Noticed Jorgrun
 13507 | D:12     | Killed Jorgrun
 14301 | D:13     | Noticed Lodul
 14312 | D:13     | Killed Lodul
 14330 | D:13     | Identified the +0 robe "Qiac" {Rampage Fly Regen+}
 14375 | D:13     | Noticed Rupert
 14388 | D:13     | Killed Rupert
 14445 | D:13     | Identified the +6 great sword of the Postmodern Dances
                  | {vorpal, rN+++ Will- Dex+2}
 14605 | D:13     | Noticed Frances
 14620 | D:13     | Killed Frances
 14734 | D:13     | Found a gate to the Vaults.
 15147 | Orc:1    | Entered Level 1 of the Orcish Mines
 15441 | Orc:2    | Entered Level 2 of the Orcish Mines
 15548 | Orc:2    | Reached XP level 15. HP: 47/122 MP: 15/15
 15711 | Orc:2    | Found a staircase to the Elven Halls.
 16011 | Orc:2    | Found Ceva's Book Shop.
 16011 | Orc:2    | Found Uremunim's Jewellery Shoppe.
 16013 | Orc:2    | Found Ethaf's Antique Armour Emporium.
 16015 | Orc:2    | Found Qafid's Antique Armour Boutique.
 16030 | Orc:2    | Bought a ring of the Octopus King {rN+ HP+2 AC+2 EV+2 SH+2}
                  | for 733 gold pieces
 16030 | Orc:2    | Found the ring of the Octopus King {rN+ HP+2 AC+2 EV+2
                  | SH+2}
 16032 | Orc:2    | Bought the ring "Wiach" {rF+ Dex+6} for 650 gold pieces
 16084 | Orc:2    | Upgraded the game from 0.29-a0-834-g1e95ca9f62 to
                  | 0.29-a0-878-g7b45a56547
 16496 | Lair:4   | Reached skill level 1 in Throwing
 16663 | Lair:4   | Reached skill level 1 in Evocations
 17625 | Spider:2 | Noticed a ghost moth
 17632 | Spider:2 | Killed a ghost moth
 18088 | Spider:2 | Reached skill level 15 in Shields
 18407 | Spider:3 | Noticed Mlioglotl
 18411 | Spider:3 | Noticed a cacodemon
 18414 | Spider:3 | Noticed a reaper
 18424 | Spider:3 | Killed Mlioglotl
 18518 | Spider:3 | Found a runed translucent door.
 18518 | Spider:3 | Noticed an emperor scorpion
 18518 | Spider:3 | Noticed pgiattino's ghost (adept SpHu)
 18536 | Spider:3 | Killed an emperor scorpion
 18537 | Spider:3 | Reached XP level 16. HP: 129/131 MP: 16/16
 18551 | Spider:3 | Killed pgiattino's ghost
 18555 | Spider:3 | Identified the +4 shortbow "Zuttilat" {venom, Str+4 Dex+5}
 18803 | Spider:3 | Noticed Roxanne
 18850 | Spider:3 | Killed Roxanne
 19475 | Spider:4 | Entered Level 4 of the Spider Nest
 19621 | Spider:4 | Identified the +5 battleaxe "Thing" {protect, rF+ Int+3}
 19812 | Spider:4 | Found a frozen archway.
 19830 | IceCv    | Entered an ice cave
 19881 | IceCv    | Found a transporter.
 19888 | IceCv    | Identified the +2 pair of boots "Hathoitaog" {Rampage rF+}
 19894 | IceCv    | Found a transporter.
 20350 | Spider:4 | Got a gossamer rune of Zot
 20570 | Spider:4 | Reached XP level 17. HP: 114/136 MP: 17/17
 21057 | Orc:2    | Bought a buzzing cloak for 361 gold pieces
 21057 | Orc:2    | Identified the +0 cloak of Sloth {Contam rElec rF+ Slay+4}
                  | (You bought it in a shop on level 2 of the Orcish Mines)
 21210 | Swamp:1  | Entered Level 1 of the Swamp
 21306 | Swamp:1  | Identified a scroll of acquirement
 21307 | Swamp:1  | Acquired 650 gold pieces
 21313 | Swamp:1  | Found a glowing silver altar of Zin.
 21543 | Swamp:1  | Found an ancient bone altar of Kikubaaqudgha.
 22468 | Swamp:2  | Noticed a tentacled monstrosity
 22481 | Swamp:2  | Killed a tentacled monstrosity
 22482 | Swamp:2  | Reached skill level 15 in Fighting
 22741 | Swamp:2  | Identified the +6 great sword "Q" {chaos, rPois}
 23102 | Swamp:2  | HP: 2/144 [spriggan air mage/bolt of lightning (36)]
 23355 | Swamp:3  | Reached XP level 18. HP: 149/149 MP: 18/18
 23812 | Swamp:4  | Entered Level 4 of the Swamp
 24584 | Swamp:4  | Got a decaying rune of Zot
 25337 | D:14     | Identified the +8 rapier "Qanyll" {freeze, Str+8}
 25345 | D:14     | Identified the amulet "Ryam Uck" {RegenMP Int+9}
 25432 | D:14     | Found a hazy altar of Hepliaklqana.
 26233 | D:15     | Entered Level 15 of the Dungeon
 26438 | D:15     | Reached XP level 19. HP: 159/159 MP: 19/19
 26994 | D:15     | Found a runed translucent gate.
 26994 | D:15     | Found a runed translucent gate.
 26996 | D:15     | Found a runed translucent gate.
 26997 | D:15     | Noticed Eliad's ghost (adept DEFE)
 27001 | D:15     | Found a viscous altar of Jiyva.
 27012 | D:15     | Killed Eliad's ghost
 27142 | D:15     | Found a staircase to the Depths.
 28010 | Elf:1    | Entered Level 1 of the Elven Halls
 28130 | Elf:1    | Killed from afar by a deep elf zephyrmancer

Illustrated notes

Levels and vault maps discovered:
D:1:      sevenhm_arrival_forest_fort_large_4, layout_basic
D:2:      layout_rooms, basic_altar, chequers_ecumenical_altar_island
D:3:      layout_rooms, mainiacjoe_overflow_paths, serial_shops,
          nicolae_shop_competitors_out_of_business,
          nicolae_shop_competitors_out_of_business, nicolae_shop_stone,
          nicolae_shop_waterfront
D:4:      nicolae_cairo_tiling_large_dashed, layout_rooms,
          mainiacjoe_overflow_boulevard, uniq_eustachio
D:5:      layout_loops_ring, lemuel_round_altar, kennysheep_generic_room_3
D:6:      layout_loops_cross, nemelex_diamond_rough_becter,
          minmay_temple_entry_statues_pillars, minmay_pentangle, uniq_menkaure,
          uniq_grinder
D:7:      layout_gridville, zin_angel
D:8:      layout_cave_pools, kennysheep_mini, due_lair_maze_entry_diamond,
          serial_rivers, chequers_serial_rivers_micro_a,
          chequers_serial_rivers_small_a, chequers_serial_rivers_small_3,
          chequers_serial_rivers_marsh, chequers_serial_rivers_small_3,
          chequers_serial_rivers_micro_d, serial_shops, nicolae_diamond_shop,
          lightli_corner_chamber
D:9:      layout_gridville, mainiacjoe_overflow_swirl
D:10:     layout_roguey
D:11:     layout_loops_ring, hiddenorc2_lemuel, uniq_urug
D:12:     layout_small_grid, uniq_jorgrun
D:13:     layout_loops_ring, david_vaults_5, uniq_lodul, uniq_frances,
          uniq_rupert
D:14:     minmay_the_grid_triangle_9x9_recursive_2
          [minmay_the_grid_triangle_9x9_prize_schism,
          minmay_the_grid_triangle_9x9_corrupted_corridor,
          minmay_the_grid_triangle_9x9_minimal,
          minmay_the_grid_triangle_9x9_longest], layout_grid_maze,
          old_standard_altar, eino_house_with_fridge
D:15:     grunt_enter_depths_snipers, layout_basic, gammafunk_ghost_ooze,
          serial_co_window_serial, co_window_corner_a, co_window_paths_b,
          co_window_paths_a, co_window_paths_a, co_window_corner_a,
          co_window_2corner, co_window_of_opportunity_b, co_window_paths_c,
          co_window_unsneaky_path_c, co_window_sun, co_window_paths_d,
          glass_columns_a, minmay_misc_feat_x
Lair:1:   layout_loops_ring, serial_bayou_shore_b
Lair:2:   layout_cave_pods, skrybe_swamp_entry_bodies, dummy_spider_entry,
          beast_lair_carwin_3, grunt_megastairs_4, infiniplex_staircase_pool
Lair:3:   wad_woods_stonehenge, layout_cave_pods, beast_lair_carwin_10,
          serial_bayou_shore_b, lemuel_fruit_fields
Lair:4:   layout_long_grid
Swamp:1:  layout_basic_swamp, nicolae_swamp_godswood, swamp_pool1,
          lemuel_altar_in_water, nicolae_swamp_catching_bugs
Swamp:2:  layout_basic_swamp, serial_swamp_ruin, evilmike_swamp_ruin_house_3,
          evilmike_swamp_ruin_rubble_2, evilmike_swamp_ruin_house_1, swamp_pool5
Swamp:3:  layout_falls_marsh, evilmike_swamp_ruin_house_6,
          infiniplex_staircase_pool_2
Swamp:4:  swamp_basic_johnstein, layout_basic_swamp, swamp_pool1,
          nicolae_swamp_oxbows
Spider:1: layout_spider_delve
Spider:2: layout_spider_delve, hangedman_spider_tarantella_strand
Spider:3: layout_chambers, ebering_ghost_inner_flame, uniq_roxanne,
          uniq_mlioglotl
Spider:4: grunt_spider_rune_parallel, portal_ice_cave_entry_frozen_things,
          drop_trap
Orc:1:    layout_caves, nicolae_orc_lost_temple, uniq_erolcha, uniq_fannar
Orc:2:    st_orc_rangers, layout_caves
Elf:1:    nicolae_elf_arrival_fired_up, layout_loops_cross, serial_shops, shop,
          ploomutoo_gammafunk_ghost_potion_laboratory, hangedman_elf_disciples

Skill      XL: |  1  2  3  4  5  6  7  8  9 10 11 12 13 14 15 16 17 18 19 |
---------------+----------------------------------------------------------+-----
Axes           | 3 4 5 6 7 9 11 13 15 16 18 19 20 21 | 21.3
Armour         | 4 5 6 7 8 9 10 11 12 13 | 13.8
Fighting       | 4 5 6 7 9 10 11 12 13 14 15 16 | 16.8
Shields        | 5 6 7 8 9 10 12 13 15 16 19 20 21 | 21.1
Throwing       | 1 |  1.5
Evocations     | 1 |  1.6
Dodging        | |  0.1

Action                   |  1- 3 |  4- 6 |  7- 9 | 10-12 | 13-15 | 16-18 | 19-21 || total
-------------------------+-------+-------+-------+-------+-------+-------+-------++-------
Melee: War axe           |    84 |   104 |   173 |    30 |       |       |       ||   391
       Battleaxe         |       |       |       |   264 |   713 |  1075 |   100 ||  2152
       Hand axe          |       |       |       |       |       |   142 |       ||   142
 Fire: Shortbow          |       |       |       |       |       |     2 |       ||     2
Throw: Dart              |       |     3 |       |       |     7 |       |       ||    10
       Throwing net      |       |       |       |       |     1 |       |       ||     1
Invok: Line Pass         |       |       |       |       |     1 |       |       ||     1
 Abil: Dig               |       |       |       |     3 |     2 |       |       ||     5
Evoke: Wand              |       |       |       |       |    12 |       |       ||    12
  Use: Potion            |       |       |     1 |       |     4 |     7 |       ||    12
       Scroll            |       |       |     8 |     7 |    18 |     7 |       ||    40
 Stab: Paralysed         |       |       |    15 |    24 |    76 |    97 |    11 ||   223
       Sleeping          |       |       |     1 |       |       |       |       ||     1
       Distracted        |       |       |       |     1 |       |     2 |       ||     3
       Confused          |       |       |       |       |     1 |       |       ||     1
Armor: Scale mail        |    40 |    33 |    12 |       |       |       |       ||    85
       Troll leather arm |       |       |    29 |    11 |       |       |       ||    40
       Chain mail        |       |       |       |    47 |       |       |       ||    47
       Plate armour      |       |       |       |    29 |   188 |   518 |    12 ||   747
Dodge: Dodged            |    44 |    44 |    69 |    75 |   104 |   230 |    10 ||   576
Block: Buckler           |    23 |    64 |    87 |   119 |       |       |       ||   293
       Reflection        |       |       |     1 |     6 |    57 |    16 |    12 ||    92
       Kite shield       |       |       |       |    21 |   614 |  1364 |    76 ||  2075

Table legend: (Time is in decaauts)
 A = Elapsed time spent in this place.
 B = Non-inter-level travel time spent in this place.
 C = Inter-level travel time spent in this place.
 D = Time resting spent in this place.
 E = Time spent auto-exploring this place.
 F = Levels seen in this place.
 G = Mean time per level.
                   A        B        C        D        E       F      G
               +--------+--------+--------+--------+--------+-----+--------+
         Total |  28106 |  25217 |   2889 |   3112 |  16862 |  31 |  906.6 |
       Dungeon |  14056 |  12241 |   1815 |   1563 |   8304 |  15 |  937.1 |
          Lair |   4328 |   3866 |    462 |    281 |   2957 |   4 | 1082.0 |
         Swamp |   3839 |   3684 |    155 |    794 |   1925 |   4 |  959.8 |
   Spider Nest |   4587 |   4327 |    260 |    447 |   2926 |   4 | 1146.8 |
  Orcish Mines |   1106 |    911 |    195 |      0 |    695 |   2 |  553.0 |
   Elven Halls |    109 |    109 |      0 |      0 |     53 |   1 |  109.0 |
      Ice Cave |     79 |     79 |      0 |     27 |      0 |   1 |   79.0 |
               +--------+--------+--------+--------+--------+-----+--------+

Top non-repeatable levels by time:
    D:15: 1610 daAuts
  Lair:1: 1357 daAuts
Spider:3: 1300 daAuts
     D:8: 1287 daAuts
     D:6: 1224 daAuts
  Lair:2: 1194 daAuts
 Swamp:2: 1177 daAuts
Spider:4: 1155 daAuts
 Swamp:4: 1148 daAuts
Spider:2: 1133 daAuts
  Lair:3: 1070 daAuts
    D:14: 1034 daAuts
     D:9: 1001 daAuts
Spider:1: 998 daAuts
     D:7: 990 daAuts
